 Dungeon Crawl Stone Soup version 0.20.1-1-g8b1a95d (webtiles) character file.

124 letownia2 the Grave Robber (level 4, -5/36 HPs)
             Began as a Deep Dwarf Necromancer on Nov 3, 2017.
             Slain by a wyvern skeleton (10 damage)
             ... on level 4 of the Dungeon.
             The game lasted 00:02:54 (915 turns).

letownia2 the Grave Robber (Deep Dwarf Necromancer)  Turns: 915, Time: 00:02:55

Health: -5/36      AC:  5    Str: 12    XL:     4   Next: 81%
Magic:  4/7        EV: 11    Int: 16    God:
Gold:   20         SH:  0    Dex: 13    Spells: 3/7 levels left

rFire    . . .     SeeInvis .   g - +0 dagger
rCold    . . .     Gourm    .   (no shield)
rNeg     . . .     Faith    .   j - +0 ring mail
rPois    .         Spirit   .   (no helmet)
rElec    .         Reflect  .   (no cloak)
rCorr    .         Harm     .   (no gloves)
MR       .....                  (no boots)
Stlth    +.........             (no amulet)
Regen    0.0/turn               (no ring)
MPRegen  0.1/turn               (no ring)

@: non-regenerating
A: damage resistance, heal wounds, sense surroundings 1, no regeneration
a: Heal Wounds


You were on level 4 of the Dungeon.
You were not hungry.

You visited 1 branch of the dungeon, and saw 4 of its levels.

You collected 20 gold pieces.

Inventory:

Hand Weapons
 g - a +0 dagger (weapon)
Armour
 h - a +0 scale mail
 j - a +0 ring mail (worn)
Scrolls
 a - a scroll of teleportation {unknown}
 e - 3 scrolls of identify {unknown}
 m - a scroll of random uselessness {unknown}
 n - a scroll of enchant weapon {unknown}
Potions
 d - a potion of might {unknown}
 f - a potion of mutation {unknown}
 k - a potion of curing {unknown}
Books
 b - a book of Necromancy

   Spells                             Type                      Level
   a - Pain                           Necromancy                   1
   b - Animate Skeleton               Necromancy                   1
   c - Vampiric Draining              Necromancy                   3
   d - Regeneration                   Charms/Necromancy            3
   e - Animate Dead                   Necromancy                   4
   f - Control Undead                 Necromancy                   4
Comestibles
 c - 2 bread rations
 i - a meat ration
 l - 4 chunks of flesh


   Skills:
 + Level 1.0 Armour
 - Level 2.1 Dodging
 - Level 2.4 Stealth
 - Level 2.1 Spellcasting
 + Level 6.4 Necromancy


You had 3 spell levels left.
You knew the following spells:

 Your Spells              Type           Power        Failure   Level  Hunger
a - Pain                  Necr           ###.         3%          1    #......
v - Vampiric Draining     Necr           ###.......   10%         3    ###....


Dungeon Overview and Level Annotations

Branches:
Dungeon (4/15)
 Temple: D:4-7

Altars:
Sif Muna

Annotations:
D:4 Ratty's ghost, amateur MiBe


Innate Abilities, Weirdness & Mutations

You are resistant to damage.
You can heal yourself by infusing magical energy.
You passively map a small area around you.
You do not regenerate.


Message History

You hit the wyvern skeleton.
The wyvern skeleton is heavily damaged.
The wyvern skeleton bites you.
The leopard gecko bites you but does no damage.
The wyvern skeleton closely misses you.
Casting: Pain
Confirm with . or Enter, or press ? or * to list all spells.
Aiming: Vampiric Draining
Press: ? - help, Shift-Dir - straight line, f - leopard gecko
Aim: a leopard gecko You kill the leopard gecko!
You feel life coursing into your body. The wyvern skeleton barely misses you.
Unknown command.
The wyvern skeleton closely misses you. The wyvern skeleton bites you.
The wyvern skeleton bites you!
* * * LOW HITPOINT WARNING * * *
There is a stone staircase leading up here.
You can't go down here!
The wyvern skeleton bites you!
You die...

* , # * .#* *
##########.# *
#..........#
#..........#
#....$.....##
#...........#
#.$..@Z.....##### *
#...............#..
#...........###..#.
#..................
###########.####..
. #........####...,
#............... ,
#....(....######.,
#......#.........


You could see a wyvern skeleton.

Vanquished Creatures
  2 hounds (D:4)
  Jessica (D:4)
  2 gnolls (D:4)
  A dart slug (D:2)
  2 leopard geckos (D:4)
  2 bats (D:2)
  2 giant cockroaches (D:4)
  2 goblins (D:2)
  A hobgoblin (D:3)
  A quokka (D:4)
  2 frilled lizards
18 creatures vanquished.

Vanquished Creatures (others)
  8 fungi (D:2)
  7 toadstools (D:2)
15 creatures vanquished.

Grand Total: 33 creatures vanquished

Notes
Turn   | Place    | Note
-------+----------+-------------------------------------------
     0 | D:1      | letownia2 the Deep Dwarf Necromancer began the quest for the Orb.
     0 | D:1      | Reached XP level 1. HP: 15/15 MP: 3/3
   257 | D:2      | Reached XP level 2. HP: 22/22 MP: 0/5
   564 | D:4      | Noticed Jessica
   600 | D:4      | Reached skill level 5 in Necromancy
   600 | D:4      | Reached XP level 3. HP: 28/28 MP: 0/6
   601 | D:4      | Noticed Ratty's ghost (amateur MiBe)
   629 | D:4      | Learned a level 3 spell: Vampiric Draining
   667 | D:4      | Killed Jessica
   667 | D:4      | Reached XP level 4. HP: 36/36 MP: 3/7
   673 | D:4      | Found a deep blue altar of Sif Muna.
   737 | D:4      | Reached skill level 6 in Necromancy
   861 | D:4      | Reached skill level 1 in Armour
   915 | D:4      | Slain by a wyvern skeleton

Skill      XL: |  1  2  3  4 |
---------------+-------------+-----
Spellcasting   | 2 |  2.1
Necromancy     | 5 6 |  6.4
Armour         | 1 |  1.0
Dodging        | |  2.1
Stealth        | |  2.4

Action                   |  1- 3 |  4- 6 || total
-------------------------+-------+-------++-------
Melee: Dagger            |       |     6 ||     6
 Cast: Pain              |    31 |    11 ||    42
       Vampiric Draining |       |     1 ||     1
  Eat: Chunk             |       |     1 ||     1
Armor: Robe              |     3 |       ||     3
       Ring mail         |     2 |     4 ||     6
Dodge: Dodged            |    14 |     5 ||    19
